 Dungeon Crawl Stone Soup version 0.26-a0-858-gbf766624f9 (webtiles) character file.

Game seed: 5840173988136938370

10042 robertstho the Grappler (level 11, -4/105 HPs)
             Began as a Troll Monk on Nov 24, 2020.
             Was a High Priest of Okawaru.
             Slain by a purple ugly thing (16 damage)
             ... on level 11 of the Dungeon.
             The game lasted 00:13:28 (8312 turns).

robertstho the Grappler (Troll Monk)                Turns: 8312, Time: 00:13:29

Health: -4/105     AC:  8    Str: 24    XL:     11   Next: 31%
Magic:  10/10      EV: 12    Int: 12    God:    Okawaru [*****.]
Gold:   221        SH:  0    Dex: 12    Spells: 10/10 levels left

rFire    . . .     SeeInvis .     - Unarmed
rCold    . . .     Faith    .   (no shield)
rNeg     . . .     Spirit   .   a - +0 robe
rPois    .         Reflect  .   d - +2 hat
rElec    .         Harm     .   (no cloak)
rCorr    .         Rampage  .   (gloves unavailable)
MR       .....                  (boots unavailable)
Stlth    +++.......             (no amulet)
HPRegen  0.67/turn              A - +6 ring of intelligence
MPRegen  0.12/turn              (no ring)

@: hasted, very quick
A: large, unfitting armour, beak, claws 3, camouflage 1, regeneration 1, shaggy
fur 1, tough skin 3
a: Heroism, Finesse, Renounce Religion


You were on level 11 of the Dungeon.
You worshipped Okawaru.
Okawaru was extremely pleased with you.
You visited 1 branch of the dungeon, and saw 10 of its levels.
You also visited: Sewer and Bailey.

You collected 756 gold pieces.
You spent 535 gold pieces at shops.

Inventory:

Hand Weapons
 k - a +1 scimitar of flaming
Missiles
 q - a large rock (quivered)
Armour
 a - a +0 robe (worn)
 d - a +2 hat (worn)
Jewellery
 A - a +6 ring of intelligence (left claw)
Wands
 g - a wand of enslavement (8)
 o - a wand of flame (46)
 s - a wand of paralysis (10)
Scrolls
 c - a scroll of fear {unknown}
 e - a scroll of fog {unknown}
 f - 5 scrolls of teleportation
 h - 11 scrolls of identify
 n - 5 scrolls of remove curse {unknown}
 t - a scroll of blinking
 u - a scroll of vulnerability {unknown}
 v - a scroll of enchant armour {unknown}
 w - 3 scrolls of magic mapping {unknown}
 x - 4 scrolls of amnesia
 y - 4 scrolls of enchant weapon {unknown}
 z - a scroll of brand weapon {unknown}
Potions
 b - a potion of brilliance {unknown}
 i - 3 potions of curing
 j - a potion of haste
 l - 3 potions of mutation
 m - 3 potions of attraction
 p - 2 potions of flight
 r - 2 potions of magic {unknown}


   Skills:
 * Level 5.7 Fighting
 + Level 5.6 Dodging
 + Level 3.0 Stealth
 * Level 14.5 Unarmed Combat
 + Level 0.1 Invocations


You had 10 spell levels left.
You didn't know any spells.
Your spell library contained the following spells:

 Spells                   Type           Power        Failure   Level
 Animate Skeleton         Necr           #.....       32%         1
 Apportation              Tloc           #.....       32%         1
 Corona                   Hex            #......      32%         1
 Magic Dart               Conj           #...         32%         1
 Summon Small Mammal      Summ           #...         32%         1
 Searing Ray              Conj           #.....       45%         2
 Confusing Touch          Hex            #.......     69%         3
 Dazzling Flash           Conj/Hex       #.....       69%         3
 Gell's Gravitas          Tloc           #.........   69%         3
 Fulminant Prism          Conj/Hex       #.........   97%         4
 Iskenderun's Mystic Bla  Conj/Tloc      #.......     97%         4
 Petrify                  Tmut/Erth      #.......     97%         4
 Metabolic Englaciation   Hex/Ice        #.........   100%        5
 Yara's Violent Unravell  Hex/Tmut       #.........   100%        5


Dungeon Overview and Level Annotations

Branches:
Dungeon (11/15)            Temple (0/1) D:5            Lair (0/6) D:10
  Sewer (visited)          Bailey (visited)
    Orc: D:9-12

Altars:
Dithmenos
Elyvilon
Fedhas
Hepliaklqana
Kikubaaqudgha
Makhleb
Okawaru
Qazlal
Ru
Sif Muna
Trog
Uskayaw
Wu Jian
Xom
Zin

Shops:
D:8 *   D:9 (*!(


Innate Abilities, Weirdness & Mutations

You are too large for most types of armour.
You have claws for hands.
Your natural rate of healing is unusually fast.
You are covered in fur. (AC +1)
You have extremely tough skin. (AC +3)
You have a beak for a mouth.
Your skin changes colour to match your surroundings (Stealth+).


Message History

The efreet burns you.
* * * LOW HITPOINT WARNING * * *
You scratch the efreet.
You kill the efreet!
Okawaru accepts your kill. Something appears at your feet!
Okawaru grants you a weapon!
You see here a +3 scimitar of flaming.
Throwing (i - inventory)
q - 2 large rocks (quivered)
Press: ? - help, Shift-Dir - straight line, f - purple ugly thing
Aim: a purple ugly thing You throw a large rock.
The large rock hits the purple ugly thing!!
The purple ugly thing is heavily wounded.
The purple ugly thing engulfs you!
* * * LOW HITPOINT WARNING * * *
You feel better.
The purple ugly thing engulfs you but does no damage.
You feel yourself speed up. The purple ugly thing engulfs you!
You die...

#..# ))[ .. #..# ....# #.#
###.### #. #..# #...#..
#[#.....###. #..
#...#..##.#.#...#...
#.................)# #
#...#.##..#...#.###.
#.###+###...# ##..#..[..#
#.
...........###.#####)#####.
#.....(u@.........)......
#........................
#......................##
#...)..................#
###.........######.....#
#.........# #.....#
#.........# #...<.##
#.........# #.......
#.....$...# #...####


You could see a purple ugly thing.

Vanquished Creatures
  2 two-headed ogres
  An oklob plant (D:10)
  A cyclops (D:11)
  2 ugly things (D:11)
  A manticore (D:11)
  2 tengu conjurers (D:9)
  2 efreet (D:11)
  2 trolls
  A hornet (D:11)
  A meliai zombie (D:10)
  A shadow (D:11)
  A basilisk (D:11)
  Duvessa (D:7)
  A water moccasin (D:6)
  A sky beast (D:4)
  2 orc warriors
  2 phantoms (D:10)
  5 ogres
  3 ice beasts
  2 necrophages
  3 centaurs
  5 big kobolds
  Dowan (D:7)
  7 bullfrogs
  A wyvern skeleton (D:8)
  2 scorpions
  11 killer bees
  3 wights (D:8)
  2 howler monkeys
  A quasit (D:8)
  4 hounds
  3 jellies
  6 orc priests
  6 bullfrog skeletons
  8 orc wizards
  A centaur skeleton (D:8)
  2 iguanas (D:7)
  Natasha (thrice) (D:2)
  5 worker ants
  A centaur simulacrum (D:11)
  2 hound zombies
  A howler monkey zombie (D:9)
  A worker ant zombie (D:9)
  12 adders
  9 gnolls
  A hound simulacrum (D:11)
  2 white imps
  An ufetubus (D:8)
  4 oozes
  2 worms
  3 dart slugs
  5 leopard geckos
  39 orcs
  9 bats
  10 giant cockroaches
  6 hobgoblins
  6 jackals
  22 kobolds
  2 quokkas
  4 ball pythons (Sewer)
  7 frilled lizards
  A giant cockroach zombie (D:6)
  13 goblins
  A leopard gecko zombie (D:4)
  A quokka skeleton (D:4)
  6 rats (Sewer)
279 creatures vanquished.

Vanquished Creatures (others)
  An orc wizard (D:11)
1 creature vanquished.

Grand Total: 280 creatures vanquished

Notes
Turn   | Place    | Note
-------+----------+-------------------------------------------
     0 | D:1      | robertstho the Troll Monk began the quest for the Orb.
     0 | D:1      | Reached XP level 1. HP: 22/22 MP: 0/0
   161 | D:1      | Reached XP level 2. HP: 29/29 MP: 1/1
   750 | D:1      | Reached XP level 3. HP: 36/36 MP: 2/2
   904 | D:2      | Noticed Natasha
   920 | D:2      | Killed Natasha
   921 | D:2      | Reached skill level 4 in Unarmed Combat
   921 | D:2      | Reached XP level 4. HP: 11/44 MP: 3/3
   985 | D:2      | Noticed Natasha
   994 | D:2      | Killed Natasha
   996 | D:2      | Noticed Natasha
  1012 | D:2      | Killed Natasha
  1019 | D:2      | Reached XP level 5. HP: 22/53 MP: 4/4
  1095 | D:2      | You fall into a shaft and drop 2 floors!
  1128 | D:4      | Reached skill level 5 in Unarmed Combat
  1351 | D:4      | Noticed a sky beast
  1358 | D:4      | Killed a sky beast
  1359 | D:4      | Reached XP level 6. HP: 52/61 MP: 5/5
  1484 | D:4      | Found a hazy altar of Hepliaklqana.
  1485 | D:4      | Found a shadowy altar of Dithmenos.
  1485 | D:4      | Noticed a shadow
  1649 | D:4      | Found a blossoming altar of Fedhas.
  1653 | D:4      | Found a stormy altar of Qazlal.
  2051 | D:5      | Entered Level 5 of the Dungeon
  2108 | D:5      | Noticed an ice beast
  2113 | D:5      | Reached skill level 6 in Unarmed Combat
  2118 | D:5      | Killed an ice beast
  2119 | D:5      | Reached XP level 7. HP: 38/67 MP: 6/6
  2288 | D:5      | Found a staircase to the Ecumenical Temple.
  2322 | D:5      | Found a glowing drain.
  2327 | D:5      | Reached skill level 7 in Unarmed Combat
  2347 | Sewer    | Entered a sewer
  2859 | Sewer    | Reached skill level 8 in Unarmed Combat
  3065 | D:5      | Reached XP level 8. HP: 78/78 MP: 7/7
  3132 | D:5      | Found a shimmering blue altar of Sif Muna.
  3340 | D:5      | Found a sacrificial altar of Ru.
  3559 | D:6      | Reached skill level 9 in Unarmed Combat
  3723 | D:6      | Found a shimmering altar of Xom.
  3723 | D:6      | Found a burning altar of Makhleb.
  3724 | D:6      | Found a hide-covered altar of Uskayaw.
  4157 | D:6      | Found a bloodstained altar of Trog.
  4230 | D:6      | Found a glowing silver altar of Zin.
  4550 | D:7      | Found an iron altar of Okawaru.
  4569 | D:7      | Became a worshipper of Warmaster Okawaru
  4569 | D:7      | Reached * piety under Okawaru
  4569 | D:7      | Reached ** piety under Okawaru
  4687 | D:7      | Noticed Duvessa
  4688 | D:7      | Noticed Dowan
  4690 | D:7      | Reached skill level 10 in Unarmed Combat
  4698 | D:7      | Killed Duvessa
  4709 | D:7      | Killed Dowan
  4710 | D:7      | Reached XP level 9. HP: 38/85 MP: 5/8
  4716 | D:7      | Found a flagged portal.
  4723 | Bailey   | Entered a bailey
  4723 | Bailey   | Noticed an orc knight
  4723 | Bailey   | Noticed an orc knight
  5490 | D:7      | Found an ancient bone altar of Kikubaaqudgha.
  5624 | D:8      | Found Diafopef's General Store.
  5633 | D:8      | Bought a scroll of amnesia for 49 gold pieces
  5633 | D:8      | Bought a scroll of blinking for 105 gold pieces
  5815 | D:8      | Reached skill level 11 in Unarmed Combat
  5818 | D:8      | Reached *** piety under Okawaru
  6245 | D:9      | Found an ornate altar of the Wu Jian Council.
  6323 | D:9      | Found a white marble altar of Elyvilon.
  6323 | D:9      | Found Xyem's Hallowed Reliquary.
  6323 | D:9      | Noticed an angel
  6334 | D:9      | Bought a potion of heal wounds for 60 gold pieces
  6334 | D:9      | Bought a potion of curing for 36 gold pieces
  6334 | D:9      | Bought 2 potions of heal wounds for 120 gold pieces
  6334 | D:9      | Bought a potion of heal wounds for 60 gold pieces
  6334 | D:9      | Bought a potion of heal wounds for 60 gold pieces
  6434 | D:9      | Found Jyolilo's Distillery.
  6448 | D:9      | Noticed a two-headed ogre
  6449 | D:9      | Noticed a tengu conjurer
  6450 | D:9      | Noticed a tengu conjurer
  6456 | D:9      | Noticed a troll
  6459 | D:9      | Killed a two-headed ogre
  6459 | D:9      | Reached **** piety under Okawaru
  6460 | D:9      | Reached skill level 12 in Unarmed Combat
  6460 | D:9      | Reached XP level 10. HP: 59/94 MP: 9/9
  6464 | D:9      | Reached skill level 5 in Dodging
  6472 | D:9      | Gained mutation: You have a beak for a mouth. [potion of
                  | mutation]
  6472 | D:9      | Gained mutation: Your skin changes colour to match your
                  | surroundings (Stealth+). [potion of mutation]
  6486 | D:9      | Reached skill level 5 in Fighting
  6631 | D:9      | Bought a potion of flight for 45 gold pieces
  6640 | D:9      | Found Xaighets's Antique Weapon Emporium.
  6811 | D:9      | Found Pyfal's Weapon Emporium.
  6937 | D:10     | Entered Level 10 of the Dungeon
  7017 | D:10     | Reached ***** piety under Okawaru
  7121 | D:10     | Noticed an oklob plant
  7122 | D:10     | Found a staircase to the Lair.
  7133 | D:10     | Killed an oklob plant
  7134 | D:10     | Reached skill level 13 in Unarmed Combat
  7235 | D:10     | Received a gift from Okawaru
  7794 | D:11     | Noticed a purple ugly thing
  7796 | D:11     | Noticed a manticore
  7801 | D:11     | Noticed a cyclops
  7811 | D:11     | Killed a purple ugly thing
  7845 | D:11     | Killed a cyclops
  7846 | D:11     | Reached XP level 11. HP: 39/104 MP: 8/10
  7849 | D:11     | Reached skill level 14 in Unarmed Combat
  8038 | D:11     | Noticed a purple ugly thing
  8049 | D:11     | Killed a purple ugly thing
  8071 | D:11     | Noticed a purple ugly thing
  8262 | D:11     | Noticed a two-headed ogre
  8272 | D:11     | Killed a two-headed ogre
  8308 | D:11     | Received a gift from Okawaru
  8310 | D:11     | HP: 5/105 [purple ugly thing (10)]
  8312 | D:11     | Slain by a purple ugly thing

Illustrated notes

Levels and vault maps discovered:
D:1:      evilmike_arrival_fibonacci_small, layout_loops_corners
D:2:      layout_basic, uniq_jessica, uniq_natasha
D:4:      layout_gridville, grunt_temple_overflow_forces_of_nature,
          riverfiend_overflow_shadow_ancestor
D:5:      layout_basic, led_sif_pool, kennysheep_mini_moat,
          minmay_temple_entry_from_below_a, gup_sewer_entry_pipe
D:6:      layout_loops_ring, lemuel_coloured_pillars_altar, lemuel_doored_altar,
          nicolae_overflow_hidden_temple
D:7:      layout_loops_corners, kiku_gazebo_garden_becter,
          okawaru_altar_gauntlet_db, enter_bailey_3, patterned_corridor,
          uniq_duvessa
D:8:      layout_rooms, serial_shops, nicolae_shop_trees, st_stairs_7
D:9:      layout_basic, lemuel_round_altar, serial_shops, shop, shop, shop,
          nicolae_good_shop
D:10:     layout_irregular_city, dpeg_oklobed_lair
D:11:     minmay_the_grid_square_5x5_4x4 [minmay_the_grid_square_5x5_lines,
          minmay_the_grid_square_5x5_two, minmay_the_grid_square_5x5_bridge,
          minmay_the_grid_square_5x5_fancy_junction,
          minmay_the_grid_square_5x5_bracketed,
          minmay_the_grid_square_5x5_prize_waves,
          minmay_the_grid_square_5x5_prize_deathbox,
          minmay_the_grid_square_5x5_mess, minmay_the_grid_square_5x5_n,
          minmay_the_grid_square_5x5_prize_junk,
          minmay_the_grid_square_5x5_prize_open,
          minmay_the_grid_square_5x5_inner_v,
          minmay_the_grid_square_5x5_intrusive_squares,
          minmay_the_grid_square_5x5_two_walls_a,
          minmay_the_grid_square_5x5_broken_cross,
          minmay_the_grid_square_5x5_z], layout_irregular_city, david_orc_4

Skill      XL: |  1  2  3  4  5  6  7  8  9 10 11 |
---------------+----------------------------------+-----
Unarmed Combat | 4 5 6 8 10 12 13 14 | 14.5
Fighting       | 3 4 5 |  5.7
Dodging        | 3 4 5 |  5.6
Stealth        | 2 3 |  3.0
Invocations    | |  0.1

Action                   |  1- 3 |  4- 6 |  7- 9 | 10-12 || total
-------------------------+-------+-------+-------+-------++-------
Melee: Unarmed           |    73 |    90 |   376 |   212 ||   751
       Punch             |     2 |     1 |    11 |    15 ||    29
       Peck              |       |       |       |    45 ||    45
Throw: Large rock        |       |       |       |     1 ||     1
Invok: Heroism           |       |       |     1 |     2 ||     3
  Use: Potion            |       |       |     2 |    15 ||    17
       Scroll            |       |       |       |     3 ||     3
 Stab: Sleeping          |     5 |     1 |     2 |     5 ||    13
       Distracted        |       |       |       |     1 ||     1
Armor: Robe              |    40 |    38 |   109 |    57 ||   244
Dodge: Dodged            |    47 |    37 |   173 |   107 ||   364

Table legend: (Time is in decaauts)
 A = Elapsed time spent in this place.
 B = Non-inter-level travel time spent in this place.
 C = Inter-level travel time spent in this place.
 D = Time resting spent in this place.
 E = Time spent auto-exploring this place.
 F = Levels seen in this place.
 G = Mean time per level.
                   A        B        C        D        E       F      G
               +--------+--------+--------+--------+--------+-----+--------+
         Total |   8342 |   8055 |    287 |    262 |   6287 |  12 |  695.2 |
       Dungeon |   7558 |   7271 |    287 |    262 |   5752 |  10 |  755.8 |
         Sewer |    772 |    772 |      0 |      0 |    535 |   1 |  772.0 |
        Bailey |     10 |     10 |      0 |      0 |      0 |   1 |   10.0 |
               +--------+--------+--------+--------+--------+-----+--------+

Top non-repeatable levels by time:
     D:7: 1178 daAuts
    D:10: 1108 daAuts
     D:4: 951 daAuts
     D:6: 906 daAuts
     D:1: 856 daAuts
   Sewer: 772 daAuts
     D:5: 723 daAuts
     D:9: 695 daAuts
     D:8: 665 daAuts
     D:2: 263 daAuts
    D:11: 209 daAuts
  Bailey: 10 daAuts
